Map: Catalyseur EC

Players

HoldTheDoor - Winner!

  • Race: Protoss Protoss
  • League: Diamond
  • Spawn Location: 11:00

Purity

  • Race: Terran Terran
  • League: Diamond
  • Spawn Location: 5:00

VOD

Have the link to the VOD?

Description

Time

  • Played on: July 15, 2018, 11:12 a.m.
  • Length: 19:25
Show
View Real Time Build Order
Export as new Build Order

HoldTheDoor Protoss - Winner!

Build Orders:  

Get SALT Encoding   

  12  0:01  Probe  
  13  0:13  Probe  
  14  0:19  Pylon  
  14  0:25  Probe  
  15  0:35  Probe  
  15  0:38  Gateway  
  16  0:44  Probe  
  16  0:47  Assimilator  
  17  0:54  Probe  
  17  0:55  Assimilator  
  18  1:06  Probe  
  19  1:13  Gateway  
  19  1:18  Probe  
  20  1:29  Cybernetics Core  
  20  1:34  Pylon  
  20  1:35  Probe  
  21  1:47  Probe  
  22  1:56  Stalker x2  
  22  1:59  Probe  
  23  2:07  Warp Gate  
  27  2:11  Probe  
  27  2:14  Pylon  
  28  2:25  Stalker  
  30  2:42  Pylon  
  30  2:43  Robotics Facility  
  30  2:44  Probe  
  31  2:51  Stalker  
  31  2:56  Probe  
  34  3:08  Probe  
  33  3:26  Stargate  
  33  3:34  Nexus  
  33  3:36  Probe  
  33  3:39  Observer  
  35  3:48  Probe  
  35  3:49  Pylon  
  36  3:56  Immortal  
  36  3:58  Pylon  
  36  4:00  Probe  
  37  4:08  Void Ray  
  41  4:23  Probe  
  46  4:33  Pylon  
  46  4:36  Probe  
  46  4:37  Zealot  
  49  4:41  Sentry  
  51  4:48  Probe, Oracle  
  55  5:00  Probe  
  55  5:06  Zealot  
  55  5:07  Zealot  
  60  5:08  Probe  
  60  5:11  Assimilator  
  60  5:12  Probe  
  62  5:20  Probe  
  63  5:22  Immortal  
  67  5:35  Probe  
  67  5:36  Probe  
  69  5:48  Assimilator, Probe x2  
  71  5:50  Pylon  
  71  5:52  Shield Battery  
  71  5:55  Pylon  
  71  6:00  Probe x2  
  73  6:11  Stalker  
  73  6:12  Stalker, Probe x2  
  73  6:16  Void Ray  
  83  6:27  Twilight Council  
  83  6:35  Robotics Bay  
  83  6:38  Pylon  
  83  6:42  Pylon, Gateway  
  83  6:44  Probe, Gateway  
  83  6:45  Probe  
  85  6:50  Zealot x2  
  89  6:57  Probe x2  
  89  6:59  Void Ray  
  91  7:11  Stalker x2  
  99  7:18  Probe  
  99  7:19  Probe  
  101  7:30  Probe  
  101  7:33  Probe  
  103  7:43  Probe  
  100  7:45  Zealot x3  
  100  7:46  Zealot  
  96  7:58  Probe x2  
  98  8:04  Forge  
  98  8:07  Forge  
  98  8:08  Pylon  
  98  8:13  Pylon  
  98  8:15  Gateway  
  98  8:16  Void Ray, Gateway  
  98  8:19  Gateway  
  102  8:26  Gateway  
  102  8:28  Probe  
  102  8:29  Probe  
  102  8:30  Pylon  
  104  8:36  Pylon  
  104  8:45  Nexus  
  104  8:47  Pylon  
  104  8:49  Probe x2  
  104  8:50  Pylon  
  104  8:52  Assimilator  
  106  8:58  Protoss Ground Armor Level 1  
  106  9:01  Protoss Shields Level 1  
  106  9:03  Colossus  
  106  9:06  Zealot  
  106  9:07  Zealot x3  
  120  9:19  Charge  
  120  9:31  Extended Thermal Lance  
  120  9:33  Probe  
  121  9:43  Assimilator  
  121  9:47  Pylon  
  121  9:51  Shield Battery  
  121  9:53  Shield Battery  
  121  9:56  Colossus  
  121  9:58  Templar Archives  
  121  9:59  Pylon  
  127  10:10  Protoss Air Armor Level 1  
  127  10:11  Probe  
  127  10:28  Zealot x2  
  127  10:29  Zealot x2  
  131  10:55  Protoss Ground Armor Level 2  
  131  10:56  Protoss Shields Level 2  
  121  11:08  Immortal  
  121  11:10  Stalker x3  
  121  11:11  Stalker x5  
  141  11:19  Void Ray  
  141  11:24  Gateway  
  145  11:26  Gateway  
  145  11:28  Gateway  
  145  11:30  Gateway  
  145  11:32  Pylon  
  145  11:34  Probe x2  
  145  11:35  Pylon  
  147  11:51  Zealot x4  
  147  11:53  High Templar  
  147  11:54  High Templar  
  159  11:55  High Templar  
  159  11:57  Pylon  
  159  11:58  High Templar  
  159  12:00  Archon  
  163  12:02  Archon, Pylon  
  163  12:04  Void Ray  
  167  12:20  High Templar x2  
  167  12:21  High Templar x2  
  175  12:25  Archon x2  
  175  12:27  High Templar x2  
  175  12:29  Zealot x3  
  185  12:31  Zealot x2  
  185  12:33  Archon  
  185  12:34  Protoss Air Weapons Level 1  
  185  12:35  Zealot  
  193  13:07  Pylon  
  193  13:12  Pylon  
  193  13:13  Immortal  
  193  13:14  Pylon  
  193  13:17  Photon Cannon  
  193  13:19  Photon Cannon  
  193  13:33  Photon Cannon  
  193  13:36  Photon Cannon  
  193  13:39  High Templar  
  193  13:40  High Templar x2  
  199  13:44  Archon  
  199  14:04  Protoss Shields Level 3, Protoss Ground Armor Level 3  
  192  14:43  Fleet Beacon  
  192  14:46  Gateway  
  192  14:47  Warp Prism, Gateway  
  192  14:49  Gateway  
  141  15:16  High Templar x7  
  141  15:17  High Templar x3  
  141  15:18  High Templar  
  141  15:20  Archon  
  141  15:21  Archon x3  
  151  15:22  Archon  
  151  15:26  Immortal  
  155  15:39  Nexus  
  155  15:42  Assimilator x2  
  155  15:45  Protoss Air Weapons Level 2  
  155  15:46  Pylon  
  155  15:47  Pylon  
  155  15:50  Pylon  
  155  15:54  Zealot x2  
  155  15:55  Zealot x7, Pylon  
  155  15:56  Zealot x3, Pylon  
  179  15:59  Pylon  
  179  16:03  Pylon x2  
  179  16:04  Warp Prism  
  179  16:08  Tempest, Pylon  
  187  16:11  Pylon  
  187  16:20  High Templar  
  187  16:24  High Templar  
  191  16:28  Protoss Ground Weapons Level 1  
  191  16:37  Pylon  
  191  16:43  Tempest  
  191  16:49  Pylon  
  197  16:54  Pylon  
  197  16:56  Pylon  
  197  17:05  Pylon  
  197  17:10  Pylon  
  197  17:13  Assimilator  
  197  17:21  Graviton Catapult  
  197  17:25  Pylon  
  197  17:30  Pylon  
  197  17:39  Gateway  
  197  17:42  Gateway  
  197  17:43  Gateway  
  197  17:44  Gateway  
  197  17:45  Gateway  
  197  17:47  Gateway  
  197  17:52  Nexus  
  197  18:25  Immortal  
  173  18:38  Zealot x3  
  173  18:39  Zealot x5  
  173  18:40  Zealot x5  
  165  19:02  High Templar x6  
  169  19:03  High Templar x4  
  169  19:08  Archon x4  
  169  19:09  Archon  
Show
View Real Time Build Order
Export as new Build Order

Purity Terran 

Build Orders: MMM Bio 

Get SALT Encoding   

  12  0:01  SCV  
  13  0:13  SCV  
  14  0:17  Supply Depot  
  14  0:25  SCV  
  15  0:39  SCV  
  16  0:44  Barracks  
  16  0:51  SCV, Refinery  
  17  1:03  SCV  
  18  1:10  Supply Depot  
  18  1:15  SCV  
  19  1:28  SCV  
  20  1:38  Barracks Tech Lab  
  20  1:40  SCV  
  21  1:48  Barracks  
  21  1:54  Barracks  
  21  1:56  Orbital Command  
  21  2:04  Marauder  
  23  2:17  Concussive Shells  
  23  2:22  SCV  
  24  2:28  Marauder  
  26  2:31  Supply Depot  
  25  2:37  Barracks Tech Lab  
  25  2:46  Barracks Reactor  
  25  2:50  Marauder  
  27  2:52  Bunker  
  27  2:54  SCV  
  28  3:00  Marine  
  29  3:06  SCV  
  30  3:21  Marauder  
  30  3:22  Marauder  
  34  3:32  Command Center  
  34  3:34  SCV  
  35  3:35  Marine x2  
  37  3:42  Refinery  
  37  3:48  SCV  
  38  3:54  Stimpack  
  38  3:56  Supply Depot  
  38  4:00  SCV  
  39  4:14  Factory  
  39  4:17  Marine x2  
  39  4:23  Supply Depot  
  42  4:31  SCV  
  42  4:39  Engineering Bay  
  42  4:42  Combat Shields  
  42  4:43  SCV  
  43  4:49  SCV  
  44  4:58  Marine  
  44  4:59  Marine x3  
  48  5:06  SCV  
  48  5:07  Orbital Command  
  48  5:17  Refinery  
  48  5:18  SCV  
  48  5:20  Factory Reactor  
  49  5:23  Starport  
  49  5:24  Terran Infantry Weapons Level 1  
  49  5:31  SCV, Marine x3  
  49  5:34  SCV  
  54  5:43  SCV  
  54  5:46  SCV  
  56  5:55  SCV  
  57  5:57  Missile Turret  
  57  5:58  SCV, Marine  
  57  5:59  Marine  
  57  6:00  Missile Turret  
  57  6:02  Missile Turret  
  60  6:04  Marine x2  
  60  6:08  Medivac  
  60  6:09  Medivac  
  66  6:17  SCV x2  
  68  6:23  Marauder  
  70  6:26  Missile Turret  
  70  6:31  Factory Tech Lab  
  70  6:38  Supply Depot  
  70  6:41  Supply Depot  
  70  6:50  Missile Turret  
  70  7:00  SCV, Medivac x2  
  70  7:01  Marauder, Marine  
  78  7:03  Marauder, Marine  
  78  7:05  Siege Tank  
  78  7:06  SCV  
  85  7:13  Missile Turret  
  85  7:17  Refinery  
  85  7:18  Terran Infantry Armor Level 1, Marine  
  86  7:23  Armory  
  86  7:27  Supply Depot  
  86  7:30  Supply Depot  
  86  7:43  Marine  
  86  7:46  Marauder  
  78  7:56  SCV x2  
  78  7:57  Marauder, Marine  
  80  8:01  Marine  
  81  8:07  Marauder  
  83  8:13  Command Center, Medivac  
  83  8:15  Marine  
  83  8:17  Engineering Bay  
  83  8:18  Marine  
  83  8:19  Marine  
  88  8:21  Terran Ship Weapons Level 1  
  88  8:25  Siege Tank  
  91  8:35  SCV x2  
  91  8:36  Marauder, Marine  
  91  8:37  Marine  
  97  8:44  Marine  
  97  8:47  Medivac  
  100  8:50  Medivac  
  102  9:06  Missile Turret  
  102  9:07  Missile Turret  
  102  9:09  Supply Depot  
  102  9:11  Supply Depot  
  102  9:12  Missile Turret  
  102  9:15  Supply Depot  
  102  9:25  Marine x4  
  106  9:41  Terran Infantry Armor Level 2  
  106  9:42  Terran Infantry Weapons Level 2  
  106  9:44  Marauder, Marine, Siege Tank  
  112  9:48  Medivac  
  116  10:07  Marauder x2, Marine x2  
  120  10:17  Sensor Tower  
  120  10:21  Planetary Fortress  
  120  10:22  SCV  
  120  10:23  SCV  
  120  10:25  Marine  
  125  10:28  Marauder  
  94  11:02  Marauder x2, Marine x2  
  79  11:07  Medivac x2  
  83  11:15  SCV  
  83  11:16  SCV x2  
  86  11:20  Marine x2  
  86  11:23  Marauder x2  
  92  11:28  SCV x3  
  95  11:36  Medivac  
  95  11:37  Marine x2  
  95  11:38  Command Center  
  99  11:40  SCV, Viking  
  99  11:44  Marauder  
  99  11:45  Marauder  
  106  11:47  Siege Tank  
  109  11:56  Refinery  
  109  12:00  Refinery  
  109  12:01  Missile Turret  
  109  12:02  Supply Depot  
  109  12:04  Supply Depot  
  109  12:05  Supply Depot  
  109  12:06  Marauder x2, Marine x2  
  109  12:07  Supply Depot  
  109  12:08  Missile Turret  
  115  12:26  Marine x2  
  115  12:27  Marauder x2  
  115  12:29  Viking x2  
  125  12:41  SCV x3  
  128  12:44  Marine x2  
  128  12:49  Marauder x2  
  134  12:53  SCV  
  132  12:59  Medivac x2  
  132  13:02  Marine  
  132  13:03  Marine  
  138  13:07  Terran Infantry Weapons Level 3  
  138  13:08  Terran Infantry Armor Level 3  
  138  13:09  Terran Ship Weapons Level 2  
  138  13:10  Marauder x2  
  132  13:20  Marine x2  
  134  13:29  Viking, Medivac  
  134  13:31  Marauder x2  
  142  13:37  Marine  
  142  13:38  Marine  
  142  13:39  Siege Tank  
  147  13:49  Factory  
  147  13:51  Starport  
  147  13:52  Factory  
  147  13:53  Marauder x2  
  147  13:55  Marine  
  151  13:56  Marine  
  151  14:00  Missile Turret  
  151  14:01  Missile Turret  
  153  14:14  Marauder x2  
  157  14:27  Missile Turret x2  
  157  14:28  Missile Turret  
  157  14:29  Missile Turret  
  157  14:34  Siege Tank  
  157  14:36  Marauder  
  162  14:52  Sensor Tower, Missile Turret x2  
  162  14:53  Missile Turret, Planetary Fortress  
  162  14:54  SCV x3  
  161  15:33  Missile Turret  
  161  15:34  Sensor Tower  
  161  15:36  Missile Turret  
  161  15:38  Missile Turret  
  161  15:39  Terran Ship Weapons Level 3  
  161  15:43  Starport Tech Lab  
  161  15:45  Factory Tech Lab x2  
  161  15:52  Armory  
  161  15:53  Hi-Sec Auto Tracking  
  161  15:54  Building Armor  
  161  16:01  Sensor Tower  
  161  16:10  Supply Depot  
  161  16:11  Supply Depot  
  161  16:15  Supply Depot  
  161  16:31  Siege Tank  
  164  16:33  SCV, Viking x2, Siege Tank  
  164  16:36  SCV x2, Siege Tank  
  164  16:37  Supply Depot x3  
  177  16:42  Supply Depot  
  177  16:43  Viking  
  179  16:48  SCV  
  180  16:57  Missile Turret  
  180  16:58  SCV, Missile Turret x2  
  180  16:59  Missile Turret  
  181  17:01  Refinery  
  181  17:03  Viking  
  181  17:04  Refinery, Siege Tank  
  181  17:05  Siege Tank  
  189  17:12  Viking  
  189  17:13  Viking  
  193  17:21  Missile Turret  
  193  17:33  Viking  
  195  17:42  Viking  
  120  18:46  Marauder x2  
  120  18:47  Siege Tank x2  
  111  18:52  Medivac x3  
Tags
 
Composition
MMM Bio
Matchup
PvT
Spawn Locations
Cross Positions
Add a new tag
Caveats
  • Supply blocks, unpowered buildings, or Contaminate may cause inaccurate times.
  • Supply counts are checked every 10 seconds.